Get step-by-step instructions on how to execute this build order below. Start the game timer, and the build order will tick by so you can play in parallel with StarCraft on a second screen or mobile device.

Game Time

  0:00

Last Step

  N/A

Next Step

Upcoming Step



Don't want to look back and forth between 2 screens? Try out our Overwolf App, the Spawning Tool Build Advisor to get an in-game overlay with this build!

Complete Build Order

  12  0:00  Drone  
  13  0:14  Overlord  
  13  0:17  Drone  
  14  0:32  Drone x2  
  16  0:47  Hatchery  
  15  0:51  Drone  
  15  0:55  Drone  
  17  0:58  Drone  
  18  1:08  Extractor  
  17  1:13  Spawning Pool  
  17  1:16  Drone  
  17  1:20  Drone  
  18  1:29  Drone  
  19  1:40  Drone  
  20  1:50  Overlord  
  20  1:59  Queen x2  
  20  2:00  Drone  
  25  2:01  Zergling x2  
  26  2:10  Drone  
  26  2:13  Zergling x2  
  28  2:17  Metabolic Boost  
  28  2:20  Drone  
  29  2:23  Drone  
  30  2:33  Hatchery  
  29  2:39  Queen  
  29  2:42  Drone  
  32  2:46  Overlord  
  32  2:50  Zergling x2  
  32  2:51  Zergling x2  
  34  2:54  Drone  
  35  2:59  Zergling x2  
  35  3:04  Queen  
  38  3:06  Overlord  
  38  3:08  Drone  
  38  3:10  Drone  
  40  3:14  Drone  
  40  3:17  Drone x2  
  43  3:22  Drone  
  43  3:25  Drone  
  43  3:26  Queen  
  47  3:32  Zergling x2  
  48  3:36  Zergling x2  
  48  3:40  Queen  
  51  3:43  Zergling x2  
  51  3:45  Spore Crawler  
  51  3:46  Queen  
  53  3:49  Drone  
  53  3:50  Drone  
  53  3:52  Drone  
  53  3:53  Drone  
  56  3:57  Drone x2  
  56  4:02  Overlord  
  58  4:05  Overlord  
  58  4:16  Overlord  
  58  4:20  Overlord  
  58  4:23  Drone x8  
  65  4:26  Drone  
  65  4:28  Spore Crawler  
  65  4:29  Drone  
  66  4:35  Drone  
  67  4:39  Roach Warren  
  67  4:40  Drone x2  
  67  4:44  Drone  
  69  4:50  Drone x3  
  69  4:51  Drone  
  69  4:52  Drone x2  
  75  4:55  Drone x2  
  75  4:56  Extractor x2  
  75  4:57  Lair  
  75  5:04  Drone x3  
  75  5:05  Queen  
  75  5:07  Drone  
  81  5:10  Overlord  
  81  5:18  Drone x2  
  83  5:23  Drone  
  83  5:24  Drone x3  
  83  5:26  Overlord, Evolution Chamber  
  83  5:27  Spore Crawler  
  85  5:29  Extractor, Roach x3  
  85  5:30  Extractor  
  85  5:35  Roach x3  
  95  5:37  Drone x3  
  97  5:43  Extractor, Drone  
  97  5:50  Drone x4, Overlord  
  97  5:52  Drone  
  97  5:53  Drone  
  97  5:55  Hatchery  
  102  5:58  Overlord  
  102  6:00  Glial Reconstitution, Zerg Missile Weapons Level 1  
  102  6:08  Overlord x2  
  102  6:16  Roach x5  
  102  6:17  Roach x3  
  118  6:20  Roach x2  
  121  6:25  Overlord  
  121  6:26  Overlord  
  121  6:29  Roach x3  
  121  6:30  Evolution Chamber  
  126  6:33  Roach x2  
  126  6:37  Roach x2  
  134  6:43  Overlord  
  134  6:49  Roach x6  
  134  6:51  Ravager  
  134  6:52  Ravager  
  141  6:57  Roach x4  
  137  7:03  Drone x2  
  128  7:08  Roach  
  128  7:11  Roach x2  
  128  7:14  Roach x5  
  147  7:15  Roach x2  
  147  7:16  Roach  
  147  7:19  Pneumatized Carapace  
  149  7:23  Overlord  
  149  7:25  Roach x3  
  149  7:27  Ravager x2  
  157  7:31  Zergling x2, Roach x2  
  157  7:32  Zergling x2, Overseer  
  157  7:34  Overlord  
  163  7:47  Roach x7  
  173  7:52  Overlord  
  173  7:55  Roach x5  
  173  7:57  Ravager  
  184  8:01  Overlord x2  
  184  8:02  Overlord  
  183  8:10  Ravager  
  184  8:14  Ravager x3  
  184  8:17  Zergling x10